 Dungeon Crawl Stone Soup version 0.24.0-3-g28a8eb0610 (webtiles) character file.

Game seed: 16823507022583924202, levelgen mode: deterministic

110 Arixos the Sneak (level 4, -5/27 HPs)
             Began as a Deep Elf Assassin on Nov 1, 2019.
             Killed from afar by an orc wizard (8 damage)
             ... with a puff of frost
             ... on level 3 of the Dungeon.
             The game lasted 00:07:57 (2735 turns).

Arixos the Sneak (Deep Elf Assassin)                Turns: 2735, Time: 00:07:58

Health: -5/27      AC:  5    Str: 13    XL:     4   Next: 61%
Magic:  10/10      EV: 13    Int: 17    God:
Gold:   91         SH:  0    Dex: 16    Spells: 9/9 levels left

rFire    . . .     SeeInvis +   a - +2 dagger
rCold    . . .     Gourm    .   (no shield)
rNeg     . . .     Faith    .   j - +0 leather armour
rPois    .         Spirit   .   (no helmet)
rElec    .         Reflect  .   c - +0 cloak
rCorr    .         Harm     .   h - +0 pair of gloves
MR       .....                  (no boots)
Stlth    +++.......             (no amulet)
HPRegen  0.09/turn              l - ring of see invisible
MPRegen  0.12/turn              (no ring)

@: mighty
A: no striking features
a: no special abilities


You were on level 3 of the Dungeon.
You were hungry.

You visited 1 branch of the dungeon, and saw 3 of its levels.

You collected 91 gold pieces.

Inventory:

Hand Weapons
 a - a +2 dagger (weapon)
Armour
 c - a +0 cloak (worn)
 h - a +0 pair of gloves (worn)
 j - a +0 leather armour (worn)
Jewellery
 l - a ring of see invisible (left hand)
Scrolls
 b - 5 scrolls of identify {unknown}
 g - a scroll of amnesia {unknown}
 i - 3 scrolls of teleportation {unknown}
 k - a scroll of enchant armour {unknown}
Potions
 m - 2 potions of curing
 n - a potion of might
 o - a potion of mutation {unknown}
Comestibles
 f - 6 rations


   Skills:
 + Level 2.6 Fighting
 - Level 2.0 Short Blades
 - Level 2.0 Throwing
 + Level 3.2 Dodging
 - Level 4.8 Stealth
 + Level 3.2 Spellcasting


You had 9 spell levels left.
You didn't know any spells.
Your spell library was empty.

Dungeon Overview and Level Annotations

Branches:
Dungeon (3/15)

Altars:
Makhleb
Sif Muna


Message History

Throwing (i - inventory)
e - a curare-tipped dart (quivered)
Press: ? - help, Shift-Dir - straight line, f/p - orc wizard
Aim: an orc wizard, wielding a +0 dagger and wearing a +0 robe (heavily wounded, fast+slow, poisoned)
You throw a curare-tipped dart.
The curare-tipped dart barely misses the orc wizard.
The curare-tipped dart barely misses the orc.
The orc wizard miscasts a cantrip.
You barely miss the orc wizard.
The orc wizard is severely wounded.
The orc wizard hits you but does no damage.
You hit the orc wizard.
The orc wizard is almost dead.
The orc wizard gestures at you while chanting.
The puff of frost hits you.
* * * LOW HITPOINT WARNING * * *
It was a potion of might.
You feel very mighty all of a sudden.
The orc wizard gestures at you while chanting.
The puff of frost hits you!
You die...

.. . .##
..# #.#
#.# ##
#.# #S
#@#
#o#####o#
#.#<...o#
#.##o.###
#.)..(#
###.###
#.# #.#
#.#


You could see an orc wizard and an orc.

Vanquished Creatures
  An orc wizard (D:3)
  An adder (D:3)
  An ooze (D:1)
  A worm (D:2)
  A dart slug (D:2)
  A leopard gecko (D:1)
  An orc (D:3)
  3 giant cockroaches
  10 goblins
  5 hobgoblins
  5 jackals (D:1)
  11 bats
  6 frilled lizards
  11 kobolds
  3 rats
61 creatures vanquished.

Notes
Turn   | Place    | Note
-------+----------+-------------------------------------------
     0 | D:1      | Arixos the Deep Elf Assassin began the quest for the Orb.
     0 | D:1      | Reached XP level 1. HP: 12/12 MP: 3/3
    22 | D:1      | Reached skill level 1 in Spellcasting
    80 | D:1      | Reached XP level 2. HP: 14/17 MP: 5/5
   782 | D:1      | Reached XP level 3. HP: 21/21 MP: 7/7
  1232 | D:2      | Found a burning altar of Makhleb.
  1232 | D:2      | Found a shimmering blue altar of Sif Muna.
  2386 | D:2      | Reached XP level 4. HP: 25/27 MP: 9/9
  2735 | D:3      | Killed from afar by an orc wizard

Levels and vault maps discovered:
D:1:      onia_arrival_pyramid, layout_loops_corners
D:2:      kennysheep_the_goblin_king, layout_basic,
          gammafunk_temple_overflow_elements, first_ration
D:3:      cheibrodos_greedy_goblins, layout_basic,
          nicolae_overflow_crystal_walls, uniq_grinder

Skill      XL: |  1  2  3  4 |
---------------+-------------+-----
Spellcasting   | 1 2 3 |  3.2
Fighting       | 2 |  2.6
Dodging        | 2 3 |  3.2
Short Blades   | |  2.0
Throwing       | |  2.0
Stealth        | |  4.8

Action                   |  1- 3 |  4- 6 || total
-------------------------+-------+-------++-------
Melee: Dagger            |   158 |    42 ||   200
Throw: Dart              |    39 |     7 ||    46
  Use: Potion            |       |     2 ||     2
 Stab: Sleeping          |     5 |       ||     5
  Eat: Chunk             |     5 |       ||     5
Armor: Leather armour    |    43 |    11 ||    54
       Robe              |     2 |       ||     2
Dodge: Dodged            |    88 |    32 ||   120
